 Dungeon Sprint DCSS version 0.27.1-33-g824d729ab1 (webtiles) character file.

Game seed: 17403704859096510074

5959 manyhoops the Severer (level 10, -1/157 HPs)
             Began as a Minotaur Berserker on Nov 25, 2021.
             Was a High Priest of Trog.
             Succumbed to a redback's poison
             ... in the Dungeon (Sprint I: "Red Sonja").
             The game lasted 00:04:22 (1860 turns).

manyhoops the Severer (Minotaur Berserker)          Turns: 1860, Time: 00:04:22

Health: -1/157     AC:  9    Str: 25    XL:     10   Next: 54%
Magic:  9/9        EV: 13    Int:  4    God:    Trog [*****.]
Gold:   842        SH:  0    Dex: 10    Spells: 9/9 levels left

rFire    . . .     SeeInvis .   o - +6 battleaxe
rCold    . . .     Faith    .   (shield currently unavailable)
rNeg     . . .     Spirit   .   k - +0 scale mail
rPois    .         Reflect  .   (helmet restricted)
rElec    .         Harm     .   (no cloak)
rCorr    .         Rampage  .   (no gloves)
Will     .....     NoTele   +   (no boots)
Stlth    ..........             (no amulet)
HPRegen  0.36/turn              (no ring)
MPRegen  0.11/turn              (no ring)

@: berserking (expiring), lethally poisoned (-1 -> -36), very quick
A: horns 2, retaliatory headbutt
a: Renounce Religion, Berserk, Trog's Hand, Brothers in Arms


You were in the Dungeon.
You worshipped Trog.
Trog was extremely pleased with you.
You visited 1 branch You collected 864 gold pieces.
You spent 22 gold pieces at shops.

Inventory:

Hand Weapons
 o - a +6 battleaxe (weapon)
Missiles
 n - 11 poisoned darts (quivered)
Armour
 b - a +0 animal skin
 k - a +0 scale mail (worn)
Wands
 i - a wand of polymorph (4)
 l - a wand of digging (4)
Scrolls
 c - a scroll of enchant armour {unknown}
 e - a scroll of magic mapping {unknown}
 h - a scroll of fear {unknown}
 m - 2 scrolls of identify
Potions
 d - a potion of heal wounds
 f - 2 potions of magic
 g - a potion of berserk rage


   Skills:
 + Level 15.2 Fighting
 * Level 18.0 Axes
 + Level 14.5 Armour
 + Level 9.5 Dodging


You had 9 spell levels left.
You didn't know any spells.
Your spell library was empty.

Dungeon Overview and Level Annotations

Branches:
Dungeon (1/1)

Altars:
Cheibriados
Dithmenos
Elyvilon
Fedhas
Gozag
Hepliaklqana
Kikubaaqudgha
Makhleb
Nemelex Xobeh
Okawaru
Qazlal
Ru
Sif Muna
Trog
Uskayaw
Vehumet
Wu Jian
Xom
Yredelemnul
Zin
The Shining One
Jiyva
Lugonu

Shops:
D :*[


Innate Abilities, Weirdness & Mutations

You have a pair of horns on your head.
You reflexively headbutt those who attack you in melee.


Message History

You are more poisoned.
The redback poisons you!
Found 27 gold pieces.
You are too injured to fight recklessly!
Unknown command.
A red film seems to cover your vision as you go berserk!
You feel yourself moving faster!
You feel mighty!
You feel extremely sick. The redback barely misses you. The redback bites you.
* * * LOW HITPOINT WARNING * * *
A redback comes into view.
You slice the redback!!
You kill the redback!
Trog accepts your kill.
* * * LOW HITPOINT WARNING * * *
You feel extremely sick.
Your Axes skill increases to level 18!
Unknown command.
Unknown command.
* * * LOW HITPOINT WARNING * * *
You feel extremely sick.
Things that are here:
27 gold pieces; a redback corpse You feel a strong urge to attack something.
* * * LOW HITPOINT WARNING * * *
You feel extremely sick.
There is an open door, spattered with blood here.
You are too berserk!
* * * LOW HITPOINT WARNING * * *
You feel extremely sick.
There is an open door here.
Okay, then.
You feel your anger nearly subside.
* * * LOW HITPOINT WARNING * * *
You feel very sick.
There is an open door, spattered with blood here.
You slice the redback like a ripe choko!!!
You kill the redback!
Trog accepts your kill.
You die...

.#.)'..#__#..))..#.(#§§§.+
.'..#..'..'..#...##'#§####
'#####'#__####...'..#.#
.#...#)####§§#####.§§.#
##..##)#≈§§.§#§.##+####
_##'#_.+≈§§§§§§.#..^
..'..._#≈§§§.#..#.°°9
_##_.#'##§#####'###^°.
_###'#.#§§§[###.@$#○°°#
####.####§###.###§#^○##
..'...'[....'(∩##§#☼.#
###...###########§# ##.##
#.# #+# +s# #§#


There were no monsters in sight!

Vanquished Creatures
  2 centaur warriors (D)
  A deep troll (D)
  A lindwurm (D)
  An oklob plant (D)
  A gargoyle (D)
  4 demonic crawlers (D)
  2 kobold demonologists (D)
  A slime creature (D)
  A hornet (D)
  Sigmund (D)
  2 redbacks (D)
  A yak (D)
  A floating eye (D)
  An ogre (D)
  A jelly (D)
  Ijyb (D)
22 creatures vanquished.

Vanquished Creatures (others)
  Sonja (D)
1 creature vanquished.

Grand Total: 23 creatures vanquished

Notes
Turn   | Place    | Note
-------+----------+-------------------------------------------
     0 | D        | manyhoops the Minotaur Berserker began the quest for the
                  | Orb.
     0 | D        | Reached XP level 1. HP: 19/19 MP: 0/0
     1 | D        | Noticed Ijyb
    13 | D        | Killed Ijyb
    14 | D        | Reached skill level 5 in Fighting
    14 | D        | Reached skill level 6 in Axes
    14 | D        | Reached XP level 2. HP: 29/29 MP: 1/1
    83 | D        | Noticed an ogre
    86 | D        | Killed an ogre
    87 | D        | Reached skill level 8 in Axes
    87 | D        | Reached XP level 3. HP: 38/38 MP: 2/2
    87 | D        | Reached XP level 4. HP: 45/45 MP: 3/3
   102 | D        | Noticed Sigmund
   131 | D        | Killed Sigmund
   131 | D        | Reached ** piety under Trog
   132 | D        | Reached skill level 11 in Axes
   132 | D        | Reached XP level 5. HP: 53/56 MP: 4/4
   251 | D        | Found an ornate altar of the Wu Jian Council.
   251 | D        | Found a shimmering blue altar of Sif Muna.
   252 | D        | Found a burning altar of Makhleb.
   252 | D        | Found a viscous altar of Jiyva.
   252 | D        | Found a shimmering altar of Xom.
   252 | D        | Found a corrupted altar of Lugonu.
   252 | D        | Noticed a slime creature
   258 | D        | Killed a slime creature
   259 | D        | Reached skill level 13 in Axes
   259 | D        | Reached skill level 5 in Armour
   259 | D        | Reached skill level 5 in Dodging
   259 | D        | Reached XP level 6. HP: 66/66 MP: 5/5
   260 | D        | Found a radiant altar of Vehumet.
   295 | D        | Found Noolyed's General Store.
   295 | D        | Found an ancient bone altar of Kikubaaqudgha.
   295 | D        | Found a hazy altar of Hepliaklqana.
   295 | D        | Found a stormy altar of Qazlal.
   295 | D        | Found a hide-covered altar of Uskayaw.
   295 | D        | Found a blossoming altar of Fedhas.
   295 | D        | Found a bloodstained altar of Trog.
   295 | D        | Found an iron altar of Okawaru.
   295 | D        | Found a basalt altar of Yredelemnul.
   295 | D        | Found a glowing golden altar of the Shining One.
   295 | D        | Found a snail-covered altar of Cheibriados.
   295 | D        | Found a sacrificial altar of Ru.
   295 | D        | Found a glowing silver altar of Zin.
   295 | D        | Found a shadowy altar of Dithmenos.
   295 | D        | Found a white marble altar of Elyvilon.
   295 | D        | Noticed a yak
   301 | D        | Killed a yak
   301 | D        | Reached *** piety under Trog
   302 | D        | Reached skill level 10 in Fighting
   302 | D        | Reached XP level 7. HP: 63/73 MP: 6/6
   302 | D        | Found an opulent altar of Gozag.
   303 | D        | Found a sparkling altar of Nemelex Xobeh.
   307 | D        | Bought a scroll of identify for 22 gold pieces
   353 | D        | Noticed a kobold demonologist
   353 | D        | Noticed a kobold demonologist
   357 | D        | Reached skill level 14 in Axes
   360 | D        | Killed a kobold demonologist
   361 | D        | Reached skill level 15 in Axes
   366 | D        | Killed a kobold demonologist
   366 | D        | Reached **** piety under Trog
   367 | D        | Reached XP level 8. HP: 83/83 MP: 7/7
   417 | D        | Noticed a demonic crawler
   417 | D        | Noticed a demonic crawler
   417 | D        | Noticed a demonic crawler
   417 | D        | Noticed a demonic crawler
   430 | D        | HP: 4/124 [demonic crawler (10)]
   430 | D        | HP: 1/124 [demonic crawler (3)]
   724 | D        | Killed a demonic crawler
   725 | D        | Reached skill level 16 in Axes
   803 | D        | Killed a demonic crawler
   811 | D        | Killed a demonic crawler
   811 | D        | Reached ***** piety under Trog
   812 | D        | Reached XP level 9. HP: 92/92 MP: 8/8
   819 | D        | Killed a demonic crawler
  1011 | D        | Noticed a lindwurm
  1021 | D        | Killed a lindwurm
  1022 | D        | Reached skill level 17 in Axes
  1222 | D        | Noticed a gargoyle
  1234 | D        | Killed a gargoyle
  1292 | D        | Noticed Sonja
  1307 | D        | Killed Sonja
  1481 | D        | Found Qiv Ippi's Book Boutique.
  1503 | D        | Noticed a deep troll
  1512 | D        | Killed a deep troll
  1513 | D        | Reached XP level 10. HP: 104/104 MP: 9/9
  1554 | D        | Found Xateewku's Armour Emporium.
  1570 | D        | Noticed a centaur warrior
  1570 | D        | Noticed a centaur warrior
  1582 | D        | Killed a centaur warrior
  1587 | D        | Killed a centaur warrior
  1714 | D        | Received a gift from Trog
  1715 | D        | Reached skill level 15 in Fighting
  1802 | D        | Noticed an oklob plant
  1806 | D        | Killed an oklob plant
  1856 | D        | Reached skill level 18 in Axes
  1859 | D        | HP: 4/157 [poisoned by a redback]
  1860 | D        | Succumbed to a redback's poison

Illustrated notes

Levels and vault maps discovered:
D:        dungeon_sprint_1 [red_sonja_temple_1, red_sonja_temple_small_1]

Skill      XL: |  1  2  3  4  5  6  7  8  9 10 |
---------------+-------------------------------+-----
Fighting       | 5 6 8 9 10 11 12 14 15 | 15.2
Axes           | 6 8 11 13 15 16 17 18 | 18.0
Armour         | 3 4 5 6 9 12 14 | 14.5
Dodging        | 3 4 5 6 7 8 9 |  9.5

Action                   |  1- 3 |  4- 6 |  7- 9 | 10-12 || total
-------------------------+-------+-------+-------+-------++-------
Melee: Unarmed           |    10 |       |       |       ||    10
       Hand axe          |     2 |    18 |    69 |    14 ||   103
       Headbutt          |     2 |     6 |    19 |     6 ||    33
       Battleaxe         |       |       |       |     8 ||     8
Invok: Berserk           |     2 |     2 |     7 |     4 ||    15
       Trog's Hand       |       |       |     1 |       ||     1
       Brothers in Arms  |       |       |     1 |       ||     1
  Use: Potion            |       |       |     2 |       ||     2
       Scroll            |       |       |     1 |       ||     1
Armor: Scale mail        |       |     2 |    33 |     4 ||    39
Dodge: Dodged            |     4 |     2 |    49 |    16 ||    71
